A - U25
FOND DU LAC DOCK SPIDERS @ DAYTON DRAGONS
09/07/2052
 
TOP OF THE 1ST
Campeche Clowns batting - Pitching for Yucatan Matadors : RHP Marco Rodríguez
Pitching: RHP Marco Rodríguez
Batting: RHB Roman Mansel 0-0: Called Strike
0-1: Ball
1-1: Ball
2-1: SINGLE (Groundball, 15S, EV 65.0 MPH) (infield hit)
Batting: RHB Rafael Cornejo 0-0: Called Strike
Roman Mansel is caught stealing 2nd base 2-4
0-1: Ball
1-1: Ball
2-1: Foul Ball, location: 2F
2-2: Fly out, F8 (Flyball, 8RD, EV 86.9 MPH)
Batting: SHB Zachary Corral 0-0: Ground out U3 (Groundball, 23, EV 80.6 MPH)
Top of the 1st over - 0 runs, 1 hit, 0 errors, 0 left on base; Campeche 0 - Yucatan 0
BOTTOM OF THE 1ST
Yucatan Matadors batting - Pitching for Campeche Clowns : RHP Dylan Abramson
Pitching: RHP Dylan Abramson
Batting: RHB Max Duran 0-0: Called Strike
0-1: Ball
1-1: Foul Ball, location: 2F
1-2: Ground out 5-3 (Groundball, 56S, EV 90.6 MPH)
Batting: SHB E.J. Lunsford 0-0: Foul Ball, location: 2F
0-1: SINGLE (Groundball, 6MD, EV 105.0 MPH)
Batting: LHB Kevin Schram 0-0: Ball
1-0: Called Strike
1-1: Foul Ball, location: 7LDF
1-2: Strikes out swinging
Batting: LHB Galtero De La Cruz 0-0: Ball
1-0: Swinging Strike
1-1: Foul Ball, location: 25FF
1-2: Strikes out swinging
Bottom of the 1st over - 0 runs, 1 hit, 0 errors, 1 left on base; Campeche 0 - Yucatan 0
TOP OF THE 2ND
Campeche Clowns batting - Pitching for Yucatan Matadors : RHP Marco Rodríguez
Batting: RHB Chace Rathgeber 0-0: Called Strike
0-1: Ball
1-1: Ground out 6-3 (Groundball, 6, EV 76.9 MPH)
Batting: LHB Gene Miles 0-0: Ball
1-0: Foul Ball, location: 7LSF
1-1: Ball
2-1: Ground out 2-3 (Groundball, 2L, EV 72.5 MPH)
Batting: RHB Bryce Montgomery 0-0: Called Strike
0-1: Ball
1-1: Ball
2-1: Ball
3-1: Ground out 5-3 (Groundball, 56S, EV 81.9 MPH)
Top of the 2nd over - 0 runs, 0 hits, 0 errors, 0 left on base; Campeche 0 - Yucatan 0
BOTTOM OF THE 2ND
Yucatan Matadors batting - Pitching for Campeche Clowns : RHP Dylan Abramson
Batting: RHB Sandro Cordero 0-0: Ball
1-0: SINGLE (Line Drive, 4D, EV 103.1 MPH)
Batting: RHB Nathan Stark 0-0: Called Strike
0-1: Fly out, F9 (Flyball, 9D, EV 86.9 MPH)
Batting: RHB Rod Ternes 0-0: 2-RUN HOME RUN (Flyball, 78XD, EV 99.4 MPH), Distance : 415 ft
Batting: RHB Jesús Muñoz 0-0: DOUBLE (Flyball, 9LM, EV 108.8 MPH)
Batting: RHB Barret Lanning 0-0: Called Strike
0-1: Called Strike
0-2: Ball
1-2: Ball
2-2: Fly out, F8 (Flyball, 78M, EV 85.6 MPH)
Batting: RHB Max Duran 0-0: Ball
1-0: Ball
Wild Pitch!
Jesús Muñoz to third
2-0: Ball
3-0: Base on Balls
Batting: SHB E.J. Lunsford 0-0: Called Strike
0-1: Ball
1-1: Foul Ball, location: 3FF
1-2: Foul Ball, location: 7LMF
1-2: Fielders Choice at 2nd, 6-4 (Groundball, 6, EV 83.1 MPH)
Bottom of the 2nd over - 2 runs, 3 hits, 0 errors, 2 left on base; Campeche 0 - Yucatan 2
TOP OF THE 3RD
Campeche Clowns batting - Pitching for Yucatan Matadors : RHP Marco Rodríguez
Batting: LHB Victor Dozal 0-0: Swinging Strike
0-1: Ground out 4-3 (Groundball, 4, EV 107.5 MPH)
Batting: SHB Pablo Gómez 0-0: Ball
1-0: Fly out, F7 (Flyball, 7S, EV 90.0 MPH)
Batting: SHB Zachary Grimmett 0-0: Called Strike
0-1: Ball
1-1: Ball
2-1: Foul Ball, location: 23FF
2-2: Ball
3-2: Fly out, F4 (Popup, 4MD, EV 61.9 MPH)
Top of the 3rd over - 0 runs, 0 hits, 0 errors, 0 left on base; Campeche 0 - Yucatan 2
BOTTOM OF THE 3RD
Yucatan Matadors batting - Pitching for Campeche Clowns : RHP Dylan Abramson
Batting: LHB Kevin Schram 0-0: Ball
1-0: Ball
2-0: Ball
3-0: Base on Balls
Batting: LHB Galtero De La Cruz 0-0: Swinging Strike
0-1: Called Strike
0-2: Ball
1-2: Strikes out swinging
Batting: RHB Sandro Cordero 0-0: Called Strike
0-1: Foul Ball, location: 2F
0-2: Ball
1-2: Ball
2-2: SINGLE (Groundball, 34D, EV 100.6 MPH)
Kevin Schram to second
Runner from 2nd tries for 3rd, SAFE, no throw by RF
Batting: RHB Nathan Stark 0-0: Ball
1-0: SINGLE (Groundball, 34D, EV 101.9 MPH)
Kevin Schram scores
Sandro Cordero to second
Runner from 2nd tries for 3rd, SAFE, no throw by RF
Batting: RHB Rod Ternes 0-0: Called Strike
0-1: Ball
1-1: Foul Ball, location: 2F
1-2: Fly out, F3 (Popup, 3SF, EV 78.8 MPH)
Batting: RHB Jesús Muñoz 0-0: Ball
1-0: Swinging Strike
1-1: Ball
2-1: Ball
3-1: Foul Ball, location: 9LMFF
3-2: Fly out, F8 (Flyball, 78M, EV 86.3 MPH)
Bottom of the 3rd over - 1 run, 2 hits, 0 errors, 2 left on base; Campeche 0 - Yucatan 3
TOP OF THE 4TH
Campeche Clowns batting - Pitching for Yucatan Matadors : RHP Marco Rodríguez
Batting: RHB Roman Mansel 0-0: Called Strike
0-1: Ball
1-1: Ball
2-1: Foul Ball, location: 9LMF
2-2: Ball
3-2: Hit by Pitch
Batting: RHB Rafael Cornejo 0-0: Fly out, F8 (Flyball, 8LD, EV 99.4 MPH)
Batting: SHB Zachary Corral 0-0: Ball
1-0: Foul Ball, location: 5SF
1-1: Foul Ball, location: 2F
1-2: Ball
2-2: Ball
3-2: Base on Balls
Roman Mansel to second
Batting: RHB Chace Rathgeber 0-0: Ball
1-0: Ball
2-0: Called Strike
2-1: Ball
3-1: Foul Ball, location: 23F
3-2: Strikes out swinging
Batting: LHB Gene Miles 0-0: Foul Ball, location: 3FF
0-1: SINGLE (Line Drive, 9S, EV 90.6 MPH)
Roman Mansel to third
Zachary Corral to second
Runner from 3rd tries for Home, SAFE, throw by RF to home
Batting: RHB Bryce Montgomery 0-0: Foul Ball, location: 3F
0-1: Foul Ball, location: 2F
0-2: Ball
1-2: SINGLE (Groundball, 6MD, EV 100.0 MPH)
Zachary Corral to third
Gene Miles to second
Runner from 3rd tries for Home, SAFE, throw by CF to home
Batting: LHB Victor Dozal 0-0: Ball
1-0: Fly out, F8 (Flyball, 8LD, EV 86.9 MPH)
Top of the 4th over - 2 runs, 2 hits, 0 errors, 2 left on base; Campeche 2 - Yucatan 3
BOTTOM OF THE 4TH
Yucatan Matadors batting - Pitching for Campeche Clowns : RHP Dylan Abramson
Batting: RHB Barret Lanning 0-0: Ball
1-0: Foul Ball, location: 2LF
1-1: Ball
2-1: Ball
3-1: Fly out, F5 (Popup, 56, EV 61.9 MPH)
Batting: RHB Max Duran 0-0: Ball
1-0: Ball
2-0: Foul Ball, location: 9LSF
2-1: Ball
3-1: Called Strike
3-2: Reached on error, E6 (Groundball, 6M, EV 108.1 MPH)
Batting: SHB E.J. Lunsford 0-0: Ball
1-0: Fly out, F9 (Flyball, 9D, EV 102.5 MPH)
Batting: LHB Kevin Schram 0-0: Ground out 6-3 (Groundball, 4MS, EV 89.4 MPH)
Bottom of the 4th over - 0 runs, 0 hits, 1 error, 1 left on base; Campeche 2 - Yucatan 3
TOP OF THE 5TH
Campeche Clowns batting - Pitching for Yucatan Matadors : RHP Marco Rodríguez
Batting: SHB Pablo Gómez 0-0: Swinging Strike
0-1: Ball
1-1: Foul Ball, location: 7LSF
1-2: Foul Ball, location: 5FF
1-2: Foul Ball, location: 2F
1-2: Foul Ball, location: 7LDF
1-2: SINGLE (Groundball, 6MD, EV 99.4 MPH)
Batting: SHB Zachary Grimmett 0-0: Called Strike
0-1: Ball
1-1: Ball
2-1: Called Strike
2-2: Foul Ball, location: 3FF
2-2: Ball
3-2: Strikes out swinging
Batting: RHB Roman Mansel 0-0: Foul Ball, location: 3F
0-1: Ball
1-1: Swinging Strike
1-2: Ball
2-2: Fielders Choice at 2nd, 1-4 (Groundball, 15S, EV 71.3 MPH)
Batting: RHB Rafael Cornejo 0-0: Ball
1-0: Called Strike
1-1: SINGLE (Groundball, 34D, EV 103.1 MPH)
Roman Mansel to second
Runner from 2nd tries for 3rd, SAFE, throw by RF made to third
Batting: SHB Zachary Corral 0-0: Called Strike
0-1: Foul Ball, location: 7LSF
0-2: Foul Ball, location: 9LSF
0-2: Ball
1-2: Fly out, F5 (Popup, 25F, EV 81.9 MPH)
Top of the 5th over - 0 runs, 2 hits, 0 errors, 2 left on base; Campeche 2 - Yucatan 3
BOTTOM OF THE 5TH
Yucatan Matadors batting - Pitching for Campeche Clowns : RHP Dylan Abramson
Batting: LHB Galtero De La Cruz 0-0: Called Strike
0-1: SINGLE (Groundball, 6S, EV 79.4 MPH)
Batting: RHB Sandro Cordero 0-0: Ball
1-0: Called Strike
1-1: Swinging Strike
1-2: Fly out, F8 (Flyball, 89D, EV 101.9 MPH)
Batting: RHB Nathan Stark 0-0: Reached on error, E4 (Groundball, 4, EV 88.1 MPH)
Galtero De La Cruz to second
Batting: RHB Rod Ternes 0-0: Reached on error, E5 (Groundball, 5, EV 99.4 MPH)
Galtero De La Cruz to third
Nathan Stark to second
Batting: RHB Jesús Muñoz 0-0: Ball
1-0: Called Strike
1-1: Swinging Strike
1-2: Foul Ball, location: 5DF
1-2: Strikes out swinging
Batting: RHB Barret Lanning 0-0: Ball
1-0: Fly out, F5 (Popup, 5S, EV 86.9 MPH)
Bottom of the 5th over - 0 runs, 1 hit, 2 errors, 3 left on base; Campeche 2 - Yucatan 3
TOP OF THE 6TH
Campeche Clowns batting - Pitching for Yucatan Matadors : RHP Marco Rodríguez
Batting: RHB Chace Rathgeber 0-0: SINGLE (Line Drive, 9S, EV 90.0 MPH)
Batting: LHB Gene Miles 0-0: Ball
1-0: Foul Ball, location: 23F
1-1: Ball
2-1: 2-RUN HOME RUN (Line Drive, 89XD, EV 104.4 MPH), Distance : 437 ft
Batting: RHB Bryce Montgomery 0-0: Foul Ball, location: 9LSF
0-1: Foul Ball, location: 5FF
0-2: Ball
1-2: Foul Ball, location: 2RF
1-2: Foul Ball, location: 2F
1-2: SINGLE (Line Drive, 34D, EV 95.0 MPH)
Batting: LHB Victor Dozal 0-0: Called Strike
0-1: Bunted foul
0-2: Grounds into double play, 6-4-3 (Groundball, 6, EV 80.0 MPH)
Batting: SHB Pablo Gómez 0-0: Called Strike
0-1: Foul Ball, location: 2F
0-2: Ball
1-2: Ball
2-2: SINGLE (Line Drive, 9S, EV 103.1 MPH)
Pitching: RHP Sandy Rodriguez
Batting: SHB Zachary Grimmett 0-0: Ball
1-0: Called Strike
1-1: Foul Ball, location: 2F
1-2: Strikes out looking
Top of the 6th over - 2 runs, 4 hits, 0 errors, 1 left on base; Campeche 4 - Yucatan 3
BOTTOM OF THE 6TH
Yucatan Matadors batting - Pitching for Campeche Clowns : RHP Dylan Abramson
Batting: RHB Max Duran 0-0: Called Strike
0-1: Ball
1-1: Ball
2-1: Foul Ball, location: 25F
2-2: Ball
3-2: Strikes out swinging
Batting: SHB E.J. Lunsford 0-0: Ground out 5-3 (Groundball, 56, EV 79.4 MPH)
Batting: LHB Kevin Schram 0-0: Ball
1-0: Foul Ball, location: 5FF
1-1: Swinging Strike
1-2: DOUBLE (Line Drive, 89D, EV 105.0 MPH)
Batting: LHB Galtero De La Cruz 0-0: Ball
1-0: Ball
2-0: Foul Ball, location: 2F
2-1: Called Strike
2-2: Ground out 6-3 (Groundball, 6, EV 90.0 MPH)
Bottom of the 6th over - 0 runs, 1 hit, 0 errors, 1 left on base; Campeche 4 - Yucatan 3
TOP OF THE 7TH
Campeche Clowns batting - Pitching for Yucatan Matadors : RHP Sandy Rodriguez
Batting: RHB Roman Mansel 0-0: Foul Ball, location: 3FF
0-1: Foul Ball, location: 3DF
0-2: Strikes out swinging
Batting: RHB Rafael Cornejo 0-0: Ball
1-0: Ball
2-0: Swinging Strike
2-1: Foul Ball, location: 2F
2-2: Ground out 6-3 (Groundball, 6, EV 85.6 MPH)
Batting: SHB Zachary Corral 0-0: Ball
1-0: Ball
2-0: Ball
3-0: SINGLE (Groundball, 6MD, EV 110.6 MPH)
Batting: RHB Chace Rathgeber 0-0: SINGLE (Line Drive, 6D, EV 97.5 MPH)
Zachary Corral to second
Batting: LHB Gene Miles 0-0: Ball
1-0: Swinging Strike
1-1: Ball
2-1: Ball
3-1: Called Strike
3-2: 3-RUN HOME RUN (Flyball, 9D, EV 97.5 MPH), Distance : 379 ft
Pitching: RHP William Muha
Batting: RHB Bryce Montgomery 0-0: Called Strike
0-1: SINGLE (Groundball, 13S, EV 65.6 MPH) (infield hit)
Batting: LHB Victor Dozal 0-0: Foul Ball, location: 23F
0-1: Ball
1-1: Fly out, F8 (Flyball, 89M, EV 95.6 MPH)
Top of the 7th over - 3 runs, 4 hits, 0 errors, 1 left on base; Campeche 7 - Yucatan 3
BOTTOM OF THE 7TH
Yucatan Matadors batting - Pitching for Campeche Clowns : RHP Dylan Abramson
Pitching: RHP Pedro Suero
Batting: RHB Sandro Cordero 0-0: Foul Ball, location: 2F
0-1: Ball
1-1: Ball
2-1: Called Strike
2-2: Strikes out looking
Batting: RHB Nathan Stark 0-0: Ball
1-0: Ball
2-0: Ball
3-0: Base on Balls
Batting: RHB Rod Ternes 0-0: Grounds into double play, 6-4-3 (Groundball, 6, EV 110.0 MPH)
Bottom of the 7th over - 0 runs, 0 hits, 0 errors, 0 left on base; Campeche 7 - Yucatan 3
TOP OF THE 8TH
Campeche Clowns batting - Pitching for Yucatan Matadors : RHP William Muha
Batting: SHB Pablo Gómez 0-0: Ball
1-0: Called Strike
1-1: Foul Ball, location: 2F
1-2: Foul Ball, location: 3F
1-2: Ball
2-2: Strikes out swinging
Batting: SHB Zachary Grimmett 0-0: Called Strike
0-1: Fly out, F4 (Popup, 4D, EV 58.1 MPH)
Batting: RHB Roman Mansel 0-0: Hit by Pitch
Batting: RHB Rafael Cornejo 0-0: Called Strike
0-1: Foul Ball, location: 9LSF
0-2: Fly out, F8 (Flyball, 8LM, EV 90.6 MPH)
Top of the 8th over - 0 runs, 0 hits, 0 errors, 1 left on base; Campeche 7 - Yucatan 3
BOTTOM OF THE 8TH
Yucatan Matadors batting - Pitching for Campeche Clowns : RHP Pedro Suero
Batting: RHB Jesús Muñoz 0-0: Foul Ball, location: 2RF
0-1: Ball
1-1: Called Strike
1-2: Foul Ball, location: 2F
1-2: Ball
2-2: Ball
3-2: DOUBLE (Groundball, 5L, EV 100.0 MPH)
Batting: RHB Barret Lanning 0-0: Ground out 4-3 (Groundball, 4, EV 77.5 MPH)
Jesús Muñoz to third
Batting: RHB Max Duran 0-0: Swinging Strike
0-1: SINGLE (Line Drive, 8RS, EV 87.5 MPH)
Jesús Muñoz scores
Batting: SHB E.J. Lunsford 0-0: Ball
1-0: Ball
2-0: Ball
3-0: Called Strike
3-1: Foul Ball, location: 2F
3-2: Base on Balls
Max Duran to second
Pitching: LHP Ronaldo Cifuentes
Batting: LHB Kevin Schram 0-0: Foul Ball, location: 3DF
0-1: Fly out, F5 (Popup, 5SF, EV 70.0 MPH)
Batting: LHB Galtero De La Cruz 0-0: Called Strike
0-1: Ball
1-1: Ball
2-1: Ball
3-1: Foul Ball, location: 3F
3-2: 3-RUN HOME RUN (Line Drive, 9D, EV 98.8 MPH), Distance : 374 ft
Batting: RHB Sandro Cordero 0-0: Ball
1-0: SINGLE (Groundball, 6MD, EV 108.8 MPH)
Batting: RHB Nathan Stark 0-0: Ball
1-0: Foul Ball, location: 5FF
1-1: SINGLE (Groundball, 4D, EV 105.6 MPH)
Sandro Cordero to second
Runner from 2nd tries for 3rd, SAFE, throw by RF made to third
Batting: RHB Rod Ternes 0-0: Called Strike
0-1: Ball
1-1: Swinging Strike
1-2: Ball
2-2: Foul Ball, location: 2F
2-2: Foul Ball, location: 2F
2-2: Ball
3-2: Ground out 1-3 (Groundball, 13S, EV 68.8 MPH)
Bottom of the 8th over - 4 runs, 5 hits, 0 errors, 2 left on base; Campeche 7 - Yucatan 7
TOP OF THE 9TH
Campeche Clowns batting - Pitching for Yucatan Matadors : RHP William Muha
Pitching: RHP Cam Resman
Batting: SHB Zachary Corral 0-0: Called Strike
0-1: Foul Ball, location: 2F
0-2: Ball
1-2: SINGLE (Line Drive, 34, EV 94.4 MPH)
Pinch Hitting: SHB Kelton Bigley 0-0: Ball
1-0: Called Strike
1-1: Fly out, F9 (Flyball, 9, EV 85.6 MPH)
Batting: LHB Gene Miles 0-0: Ball
1-0: Ball
2-0: Ball
3-0: Called Strike
3-1: Base on Balls
Zachary Corral to second
Batting: RHB Bryce Montgomery 0-0: Called Strike
0-1: Foul Ball, location: 2F
0-2: Ball
1-2: Foul Ball, location: 3F
1-2: Foul Ball, location: 2LF
1-2: Ball
2-2: Grounds into double play, 5-4-3 (Groundball, 56S, EV 81.9 MPH)
Top of the 9th over - 0 runs, 1 hit, 0 errors, 1 left on base; Campeche 7 - Yucatan 7
BOTTOM OF THE 9TH
Yucatan Matadors batting - Pitching for Campeche Clowns : LHP Ronaldo Cifuentes
Pitching: RHP R.J. Ross
Now in LF: Kelton Bigley
Batting: RHB Jesús Muñoz 0-0: Ball
1-0: Fly out, F8 (Line Drive, 8LM, EV 91.9 MPH)
Batting: RHB Barret Lanning 0-0: Called Strike
0-1: Foul Ball, location: 2F
0-2: Strikes out swinging
Batting: RHB Max Duran 0-0: Called Strike
0-1: Swinging Strike
0-2: Strikes out looking
Bottom of the 9th over - 0 runs, 0 hits, 0 errors, 0 left on base; Campeche 7 - Yucatan 7
TOP OF THE 10TH
Campeche Clowns batting - Pitching for Yucatan Matadors : RHP Cam Resman
Bryce Montgomery starts the inning at 2nd base.
Batting: LHB Victor Dozal 0-0: DOUBLE (Groundball, 3L, EV 106.3 MPH)
Bryce Montgomery scores
Batting: SHB Pablo Gómez 0-0: Intentional Walk
Batting: SHB Zachary Grimmett 0-0: Reached on error, E7 (Line Drive, 7, EV 88.8 MPH)
Victor Dozal to third
Pablo Gómez to second
Batting: RHB Roman Mansel 0-0: Ball
1-0: Ball
2-0: Grounds into fielders choice 6-2 (Groundball, 6S, EV 86.3 MPH)
Pablo Gómez to third
Zachary Grimmett to second
Batting: RHB Rafael Cornejo 0-0: Ball
1-0: Ball
2-0: Grounds into fielders choice 4-2 (Groundball, 4, EV 92.5 MPH)
Zachary Grimmett to third
Roman Mansel to second
Batting: SHB Zachary Corral 0-0: Called Strike
0-1: Ball
1-1: Ball
2-1: Foul Ball, location: 3FF
2-2: Foul Ball, location: 7LMF
2-2: Strikes out swinging
Top of the 10th over - 1 run, 1 hit, 1 error, 3 left on base; Campeche 8 - Yucatan 7
BOTTOM OF THE 10TH
Yucatan Matadors batting - Pitching for Campeche Clowns : RHP R.J. Ross
Max Duran starts the inning at 2nd base.
Pitching: RHP Solar Arriaga
Now at 1B: Max Bastidas
Now in LF: Rafael Cornejo
Now in CF: Nestor Casillas
Batting: SHB E.J. Lunsford 0-0: Called Strike
0-1: Ball
1-1: Ball
2-1: Fly out, F4 (Flyball, 4D, EV 84.4 MPH)
Batting: LHB Kevin Schram 0-0: Ball
1-0: Ball
2-0: Called Strike
2-1: Ball
3-1: Base on Balls
Batting: LHB Galtero De La Cruz 0-0: Fly out, F9 (Flyball, 9LD, EV 106.3 MPH)
Batting: RHB Sandro Cordero 0-0: Called Strike
0-1: Ball
1-1: Ball
2-1: Called Strike
2-2: Ground out U3 (Groundball, 3, EV 81.3 MPH)
Bottom of the 10th over - 0 runs, 0 hits, 0 errors, 2 left on base; Campeche 8 - Yucatan 7
Monday, May 6th , 2024 - OOTP Baseball 24.11 Build 85